AoeStats
← thepig

Arabia

506398414Analyzed
1v1 RM · 18d ago on Sep 13, 2026· 50m 47s· 2 players
Game mode
Random Map
Map size
Tiny (2 player)
Population
200
Speed
Normal
Resources
Standard
Victory
Conquest
Starting age
Dark Age
Ending age
Imperial Age
RankedLock teamsTeams togetherTeam positionsShared explorationLock speedFull tech treeHidden civsTurbo modeCheats
Victory
Defeat
🇹🇷 Spanish · Türkiye
1002
+17
🇧🇪 Ethiopians · Belgium
1025
-17
BurakEmmi31
10:43 Feudal Age
8:59 Loom
16:34 Castle Age
16:43 Double-Bit Axe
18:21 Fletching
22:29 Padded Archer Armor
23:19 Gold Mining
25:24 Leather Archer Armor
25:04 Stone Mining
25:35 Bow Saw
25:18 Horse Collar
29:11 Heavy Plow
30:46 Scale Barding Armor
30:52 Forging
34:38 Imperial Age
33:25 Husbandry
34:25 Bloodlines
35:24 Wheelbarrow
35:09 Cavalier
36:41 Ring Archer Armor
37:10 Herbal Medicine
38:23 Guilds
40:29 Two-Man Saw
40:36 Stone Shaft Mining
41:25 Chemistry
41:47 Paladin
43:07 Conscription
43:23 Hand Cart
43:07 Town Watch
44:06 Chain Barding Armor
44:28 Iron Casting
45:32 Plate Barding Armor
47:37 Blast Furnace
46:51 Elite Conquistador
thepig
7:11 Loom
12:21 Feudal Age
14:03 Double-Bit Axe
18:42 Town Watch
21:31 Castle Age
20:08 Gold Mining
20:55 Fletching
22:27 Wheelbarrow
22:36 Bodkin Arrow
22:02 Crossbowman
25:01 Bow Saw
26:03 Thumb Ring
27:49 Padded Archer Armor
27:37 Horse Collar
30:10 Elite Skirmisher
32:44 Leather Archer Armor
33:51 Ballistics
34:42 Hand Cart
39:52 Scale Mail Armor
42:50 Imperial Age
40:52 Chain Mail Armor
41:46 Squires
43:06 Halberdier
44:17 Plate Mail Armor
45:41 Chemistry
45:15 Bracer
47:29 Gold Shaft Mining
47:56 Two-Man Saw
47:31 Ring Archer Armor
47:12 Forging
49:19 Conscription
51:39 Iron Casting
Connection lost

Rejoining the realm…

Still unreachable

The connection could not be restored.

Session expired

The server has moved on; the page needs a fresh start.